 Dungeon Crawl Stone Soup version 0.21.1-1-g345015f (webtiles) character file.

21298 kae the Martial Artist (level 12, -20/92 HPs)
             Began as a Gnoll Transmuter on May 31, 2018.
             Was a High Priest of Okawaru.
             Demolished by a catoblepas (35 damage)
             ... on level 3 of the Lair of Beasts.
             The game lasted 00:18:34 (18605 turns).

kae the Martial Artist (Gnoll Transmuter)          Turns: 18605, Time: 00:18:35

Health: -20/92     AC:  2    Str: 13    XL:     12   Next: 88%
Magic:  25/25      EV: 31    Int: 15    God:    Okawaru [*****.]
Gold:   726        SH:  0    Dex: 26    Spells: 14/29 levels left

rFire    . . .     SeeInvis .     - Unarmed
rCold    . . .     Gourm    .   (shield currently unavailable)
rNeg     . . .     Faith    .   (armour currently unavailable)
rPois    .         Spirit   .   (helmet currently unavailable)
rElec    .         Reflect  .   (cloak currently unavailable)
rCorr    .         Harm     .   (gloves currently unavailable)
MR       .....     Rnd*Rage +   (boots currently unavailable)
Stlth    +++.......             (no amulet)
HPRegen  0.25/turn              y - ring of stealth
MPRegen  0.19/turn              u - ring of poison resistance

@: spider-form, very slightly contaminated, very slow
A: tiny, distributed training, berserk 1, strong nose
a: End Transformation, Heroism, Finesse, Renounce Religion


You were on level 3 of the Lair of Beasts.
You worshipped Okawaru.
Okawaru was extremely pleased with you.
You were not hungry.
You were a venomous arachnid creature.
You visited 3 branches of the dungeon, and saw 13 of its levels.

You collected 726 gold pieces.

Inventory:

Hand Weapons
 a - the +7 dagger "Qefusayd" (melded) {pierce, rF+}
   (You took it off an orc on level 7 of the Dungeon)

   It inflicts extra damage upon your enemies.
   It protects you from fire.
 O - the +6 dagger of Duty {pierce, *Contam +Fly MR+ SInv}
   (Okawaru gifted it to you on level 3 of the Lair of Beasts)

   It inflicts extra damage upon your enemies.
   It affects your resistance to hostile enchantments.
   It lets you see invisible.
   It lets you fly.
   It causes magical contamination when unequipped.
Missiles
 E - 216 arrows
Armour
 m - the +2 shield of Resistance (melded) {rF+ rC+ MR+}
   (You found it on level 5 of the Dungeon)

   It protects you from fire.
   It protects you from cold.
   It affects your resistance to hostile enchantments.
 o - a cursed +0 robe (melded)
 t - a +0 helmet (melded)
 w - a +0 pair of gloves (melded)
Jewellery
 q - an uncursed ring of protection from fire
 u - a ring of poison resistance (right front leg)
 y - a ring of stealth (left front leg)
 G - an uncursed ring of flight {unknown}
 I - an uncursed ring of protection from cold {unknown}
 K - a +2 ring of protection {unknown}
 L - an uncursed ring of resist corrosion {unknown}
Wands
 b - a wand of paralysis (15)
 C - a wand of random effects (77)
 N - a wand of iceblast (4)
Scrolls
 e - 4 scrolls of fear
 j - 4 scrolls of amnesia
 p - 10 scrolls of remove curse
 v - 6 scrolls of identify
 x - 3 scrolls of blinking
 A - 2 scrolls of magic mapping
 B - 2 scrolls of enchant weapon
 D - 3 scrolls of enchant armour
 H - a scroll of noise {unknown}
 J - a scroll of acquirement {unknown}
 M - 3 scrolls of vulnerability {unknown}
 P - a scroll of fog
Potions
 f - 2 potions of berserk rage
 g - 2 potions of ambrosia
 h - 3 potions of curing
 k - 5 potions of resistance
 l - 2 potions of heal wounds
 n - a potion of flight
 r - 3 potions of agility
 s - 2 potions of brilliance {unknown}
 z - a potion of magic {unknown}
 Q - a potion of might {unknown}
Books
 c - a book of Changes

   Spells                             Type                      Level
   a - Beastly Appendage              Transmutation                1
   b - Sticks to Snakes               Transmutation                2
   c - Spider Form                    Transmutation/Poison         3
   d - Ice Form                       Ice/Transmutation            4
   e - Blade Hands                    Transmutation                5
 i - a book of Power

   Spells                             Type                      Level
   a - Iskenderun's Battlesphere      Conjuration/Charms           5
   b - Venom Bolt                     Conjuration/Poison           5
   c - Bolt of Magma                  Conjuration/Fire/Earth       5
   d - Iron Shot                      Conjuration/Earth            6
   e - Orb of Destruction             Conjuration                  7
   f - Spellforged Servitor           Conjuration/Summoning        7
 F - a book of Clouds

   Spells                             Type                      Level
   a - Poisonous Vapours              Poison/Air                   2
   b - Mephitic Cloud                 Conjuration/Poison/Air       3
   c - Conjure Flame                  Conjuration/Fire             3
   d - Freezing Cloud                 Conjuration/Ice/Air          6
   e - Ring of Flames                 Charms/Fire                  7
Comestibles
 d - 19 rations
 R - 8 chunks of flesh


   Skills:
 + Level 8.0 Fighting
 + Level 7.5 Short Blades
 + Level 7.5 Long Blades
 + Level 7.5 Axes
 + Level 7.5 Maces & Flails
 + Level 7.5 Polearms
 + Level 7.5 Staves
 + Level 7.5 Slings
 + Level 7.5 Bows
 + Level 7.5 Crossbows
 + Level 7.5 Throwing
 + Level 7.5 Armour
 + Level 8.9 Dodging
 + Level 7.5 Stealth
 + Level 7.5 Shields
 + Level 10.0 Unarmed Combat
 + Level 9.1 Spellcasting
 + Level 6.3 Conjurations
 + Level 6.3 Hexes
 + Level 6.3 Charms
 + Level 6.3 Summonings
 + Level 6.3 Necromancy
 + Level 6.3 Translocations
 + Level 7.4 Transmutations
 + Level 6.3 Fire Magic
 + Level 6.3 Ice Magic
 + Level 6.3 Air Magic
 + Level 6.3 Earth Magic
 + Level 6.3 Poison Magic
 + Level 8.3 Invocations
 + Level 7.5 Evocations


You had 14 spell levels left.
You knew the following spells:

 Your Spells              Type           Power        Failure   Level  Hunger
a - Beastly Appendage     Tmut           ####..       3%          1    None
b - Sticks to Snakes      Tmut           ####....     4%          2    None
c - Spider Form           Tmut/Pois      ####......   8%          3    #......
d - Blade Hands           Tmut           ####......   32%         5    #####..
e - Ice Form              Ice/Tmut       ####....     17%         4    ###....


Dungeon Overview and Level Annotations

Branches:
Dungeon (9/15)             Temple (1/1) D:7            Lair (3/6) D:9
 Shoals (0/4) Lair:2       Spider (0/4) Lair:3
    Orc: D:9-12

Altars:
Ashenzari
Cheibriados
Dithmenos
Elyvilon
Fedhas
Gozag
Hepliaklqana
Kikubaaqudgha
Makhleb
Nemelex Xobeh
Okawaru
Qazlal
Ru
Sif Muna
Trog
Uskayaw
Vehumet
Wu Jian
Xom
Yredelemnul
Zin
The Shining One

Shops:
D:4 %   D:5 (   D:9 =

Annotations:
D:4 diana's ghost, novice TeBe
D:7 Menkaure
Lair:3 exclusion: oklob plant


Innate Abilities, Weirdness & Mutations

Your experience applies equally to all skills.
((You have very sharp teeth.))
Your uncanny sense of smell can sniff out nearby items.
You tend to lose your temper in combat.


Message History

The plant is engulfed in calcifying dust.
The catoblepas breathes a plume of calcifying dust at you.
The blast of calcifying dust hits you!
The blast of calcifying dust hits the fungus.
The fungus is engulfed in calcifying dust.
The catoblepas closely misses you.
You bite the catoblepas!
The catoblepas looks as sick as possible!
The catoblepas is moderately wounded.
The fungus is engulfed in calcifying dust.
The fungus turns to stone!
The catoblepas gores you!
* * * LOW HITPOINT WARNING * * *
Unknown command.
Unknown command.
The plant is engulfed in calcifying dust.
The catoblepas breathes a plume of calcifying dust at you.
The blast of calcifying dust hits you!
* * * LOW HITPOINT WARNING * * *
The catoblepas gores you!!
You die...

##.#..........♣ ♣♣♣....≈≈≈≈≈.....
..##...)......♣ ♣....≈≈≈≈≈≈≈...
..##..........♣ ♣♣♣P..≈P≈≈≈≈≈..
..............♣ ♣♣♣P≈≈≈≈≈≈≈≈.
.............♣♣ ♣♣♣♣♣♣♣♣♣♣≈≈≈≈≈
..###.........♣♣♣♣♣PP♣♣♣≈≈♣♣≈≈≈≈≈
#+###.......♣♣♣♣§P≈§≈≈≈P≈≈≈≈≈≈≈≈≈
#.#.#........♣♣≈§§≈≈≈≈≈≈≈≈≈≈≈≈≈≈.
#.#.#.......♣♣♣≈s≈≈≈≈≈♣≈P♣♣≈≈≈≈≈.
............♣ ♣≈Y♣♣###♣#♣♣##♣##♣♣
##P#.#..P#.♣♣ #'## ##########♣
#≈≈##### ###### #≈≈≈≈§≈####≈≈≈≈##
≈ #≈≈≈≈≈≈≈#8≈≈≈#≈≈##≈
#≈≈≈##≈≈≈≈Y≈##Y≈#≈≈
#≈≈≈.##≈≈≈≈##8≈≈≈≈≈
###################


You could see a catoblepas.

Vanquished Creatures
  The ghost of kae the Martial Artist, a journeyman GnTm of Okawaru (Lair:1)
  A hydra (Lair:3)
  A catoblepas (Lair:3)
  A death yak (Lair:2)
  A two-headed ogre (D:9)
  The ghost of p0werm0de the Grappler, a novice VSWn of Cheibriados (D:8)
  2 elephants (Lair:3)
  3 black mambas
  6 spiny frogs
  2 rime drakes (Lair:3)
  2 komodo dragons
  Prince Ribbit (Lair:2)
  7 blink frogs
  3 slime creatures (D:9)
  5 hippogriffs
  A redback (Lair:3)
  9 yaks
  3 wyverns
  A basilisk (Lair:2)
  A hungry ghost (D:8)
  8 water moccasins
  9 porcupines
  An orc warrior (D:6)
  2 sky beasts (D:8)
  An eye of draining (D:9)
  4 ice beasts
  2 phantoms
  2 black bears (D:9)
  3 ogres
  4 centaurs
  16 crocodiles
  8 wolves
  4 big kobolds
  2 bullfrogs (Lair:2)
  2 scorpions
  4 killer bees (D:8)
  3 wights (D:6)
  An electric eel (Lair:1)
  2 howler monkeys
  4 crimson imps
  A bullfrog zombie (D:6)
  2 centaur zombies
  A quasit (D:7)
  4 hounds
  A jelly (D:6)
  4 orc priests
  A centaur skeleton (D:4)
  5 iguanas
  3 bullfrog skeletons
  7 orc wizards
  4 worker ants
  2 hound zombies
  A hound skeleton (D:8)
  A howler monkey zombie (D:5)
  4 gnolls (D:3)
  12 adders
  2 shadow imps (D:9)
  2 oozes
  An adder skeleton (D:4)
  2 worms
  4 dart slugs
  19 leopard geckos
  26 orcs
  7 giant cockroaches
  A goblin (D:3)
  8 hobgoblins
  13 jackals
  22 kobolds
  6 quokkas
  2 ball pythons
  6 bats
  9 frilled lizards
  A leopard gecko zombie (D:7)
  A quokka skeleton (D:3)
  12 rats
  A fungus (Lair:3)
332 creatures vanquished.

Vanquished Creatures (collateral kills)
  A hydra (Lair:3)
  2 yaks (Lair:3)
  2 adders (D:2)
  An orc (D:3)
  2 frilled lizards
  2 kobolds (D:2)
  A rat (D:3)
11 creatures vanquished.

Vanquished Creatures (others)
  8 fungi
  A plant (Lair:2)
  7 toadstools (Lair:3)
16 creatures vanquished.

Grand Total: 359 creatures vanquished

Notes
Turn   | Place    | Note
-------+----------+-------------------------------------------
     0 | D:1      | kae the Gnoll Transmuter began the quest for the Orb.
     0 | D:1      | Reached XP level 1. HP: 17/17 MP: 6/6
   362 | D:1      | Reached XP level 2. HP: 21/23 MP: 7/7
  1121 | D:1      | Reached XP level 3. HP: 28/28 MP: 9/9
  1265 | D:2      | Learned a level 2 spell: Sticks to Snakes
  1269 | D:2      | Learned a level 3 spell: Spider Form
  1281 | D:2      | Reached skill level 5 in Spellcasting
  1291 | D:2      | Reached skill level 1 in Invocations
  1323 | D:2      | Reached skill level 1 in Short Blades
  1323 | D:2      | Reached skill level 1 in Long Blades
  1323 | D:2      | Reached skill level 1 in Axes
  1323 | D:2      | Reached skill level 1 in Maces & Flails
  1323 | D:2      | Reached skill level 1 in Polearms
  1323 | D:2      | Reached skill level 1 in Staves
  1323 | D:2      | Reached skill level 1 in Slings
  1323 | D:2      | Reached skill level 1 in Bows
  1323 | D:2      | Reached skill level 1 in Crossbows
  1323 | D:2      | Reached skill level 1 in Throwing
  1323 | D:2      | Reached skill level 1 in Armour
  1323 | D:2      | Reached skill level 1 in Stealth
  1323 | D:2      | Reached skill level 1 in Shields
  1323 | D:2      | Reached skill level 1 in Evocations
  1348 | D:2      | Reached XP level 4. HP: 30/34 MP: 8/11
  1624 | D:2      | Reached skill level 1 in Conjurations
  1624 | D:2      | Reached skill level 1 in Hexes
  1624 | D:2      | Reached skill level 1 in Charms
  1624 | D:2      | Reached skill level 1 in Summonings
  1624 | D:2      | Reached skill level 1 in Necromancy
  1624 | D:2      | Reached skill level 1 in Translocations
  1624 | D:2      | Reached skill level 1 in Fire Magic
  1624 | D:2      | Reached skill level 1 in Ice Magic
  1624 | D:2      | Reached skill level 1 in Air Magic
  1624 | D:2      | Reached skill level 1 in Earth Magic
  1624 | D:2      | Reached skill level 1 in Poison Magic
  1843 | D:3      | Reached XP level 5. HP: 36/40 MP: 9/12
  2042 | D:3      | Found a radiant altar of Vehumet.
  2044 | D:3      | Found an ancient bone altar of Kikubaaqudgha.
  2090 | D:3      | Found a basalt altar of Yredelemnul.
  2090 | D:3      | Found a shadowy altar of Dithmenos.
  2589 | D:4      | Reached XP level 6. HP: 27/47 MP: 9/13
  2649 | D:4      | Noticed diana's ghost (novice TeBe)
  3002 | D:4      | Reached skill level 5 in Dodging
  3116 | D:4      | Reached XP level 7. HP: 23/52 MP: 15/15
  3341 | D:4      | Found Yned's Food Emporium.
  3661 | D:5      | Entered Level 5 of the Dungeon
  3717 | D:5      | Reached skill level 7 in Unarmed Combat
  3874 | D:5      | Found a snail-covered altar of Cheibriados.
  4378 | D:5      | Reached XP level 8. HP: 50/60 MP: 14/16
  4462 | D:5      | Found Aginij's Weapon Shop.
  4475 | D:5      | Found a snail-covered altar of Cheibriados.
  4872 | D:5      | Found the +2 shield of Resistance {rF+ rC+ MR+}
  6251 | D:6      | Reached XP level 9. HP: 32/66 MP: 14/18
  6539 | D:6      | Reached skill level 5 in Transmutations
  6929 | D:7      | Found a staircase to the Ecumenical Temple.
  7013 | Temple   | Entered the Ecumenical Temple
  7141 | Temple   | Became a worshipper of Warmaster Okawaru
  7399 | D:7      | Got a polished dagger {pierce}
  7400 | D:7      | Identified the +7 dagger "Qefusayd" {pierce, rF+} (You took it off an orc on level 7 of the Dungeon)
  7788 | D:7      | Reached skill level 5 in Fighting
  8376 | D:7      | Noticed Menkaure
  8650 | D:8      | Reached skill level 8 in Unarmed Combat
  8744 | D:8      | Learned a level 5 spell: Blade Hands
  8749 | D:8      | Learned a level 4 spell: Ice Form
  8755 | D:8      | Found a stormy altar of Qazlal.
  8788 | D:8      | Reached * piety under Okawaru
  8871 | D:8      | Reached skill level 5 in Invocations
  9103 | D:8      | Noticed p0werm0de's ghost (novice VSWn)
  9433 | D:8      | Reached XP level 10. HP: 51/74 MP: 18/20
  9933 | D:8      | Killed p0werm0de's ghost
  9933 | D:8      | Reached ** piety under Okawaru
  9933 | D:8      | Reached skill level 5 in Short Blades
  9933 | D:8      | Reached skill level 5 in Long Blades
  9933 | D:8      | Reached skill level 5 in Axes
  9933 | D:8      | Reached skill level 5 in Maces & Flails
  9933 | D:8      | Reached skill level 5 in Polearms
  9933 | D:8      | Reached skill level 5 in Staves
  9933 | D:8      | Reached skill level 5 in Slings
  9933 | D:8      | Reached skill level 5 in Bows
  9933 | D:8      | Reached skill level 5 in Crossbows
  9933 | D:8      | Reached skill level 5 in Throwing
  9933 | D:8      | Reached skill level 5 in Armour
  9933 | D:8      | Reached skill level 5 in Stealth
  9933 | D:8      | Reached skill level 5 in Shields
  9933 | D:8      | Reached skill level 5 in Evocations
 10742 | D:9      | Reached *** piety under Okawaru
 11028 | D:9      | Found Cumne's Jewellery Boutique.
 11035 | D:9      | Noticed a two-headed ogre
 11068 | D:9      | Killed a two-headed ogre
 11088 | D:9      | Reached XP level 11. HP: 22/81 MP: 14/22
 11350 | D:9      | Found a staircase to the Lair.
 11850 | Lair:1   | Entered Level 1 of the Lair of Beasts
 12072 | Lair:1   | Noticed kae's ghost (journeyman GnTm)
 12074 | Lair:1   | Reached **** piety under Okawaru
 12093 | Lair:1   | Killed kae's ghost
 12093 | Lair:1   | Reached skill level 9 in Unarmed Combat
 12093 | Lair:1   | Reached skill level 5 in Conjurations
 12093 | Lair:1   | Reached skill level 5 in Hexes
 12093 | Lair:1   | Reached skill level 5 in Charms
 12093 | Lair:1   | Reached skill level 5 in Summonings
 12093 | Lair:1   | Reached skill level 5 in Necromancy
 12093 | Lair:1   | Reached skill level 5 in Translocations
 12093 | Lair:1   | Reached skill level 5 in Fire Magic
 12093 | Lair:1   | Reached skill level 5 in Ice Magic
 12093 | Lair:1   | Reached skill level 5 in Air Magic
 12093 | Lair:1   | Reached skill level 5 in Earth Magic
 12093 | Lair:1   | Reached skill level 5 in Poison Magic
 14048 | Lair:2   | Reached ***** piety under Okawaru
 14052 | Lair:2   | Received a gift from Okawaru
 14844 | Lair:2   | Reached XP level 12. HP: 82/91 MP: 20/24
 14865 | Lair:2   | Found a staircase to the Shoals.
 15137 | Lair:3   | Noticed a catoblepas
 15146 | Lair:3   | Killed a catoblepas
 15146 | Lair:3   | Received a gift from Okawaru
 15262 | Lair:3   | Noticed a six-headed hydra
 15716 | Lair:3   | Noticed a death yak
 15751 | Lair:2   | Killed a death yak
 15751 | Lair:2   | Received a gift from Okawaru
 15754 | Lair:2   | Noticed Prince Ribbit
 15771 | Lair:2   | Killed Prince Ribbit
 15966 | Lair:3   | Killed a six-headed hydra
 16331 | Lair:3   | Found a hole to the Spider Nest.
 16467 | Lair:3   | Noticed an eight-headed hydra
 16508 | Lair:3   | Killed an eight-headed hydra
 17152 | Lair:3   | Found a runed door.
 17480 | Lair:3   | Received a gift from Okawaru
 17628 | Lair:3   | Got a steaming dagger {god gift}
 17744 | Lair:3   | Identified the +6 dagger of Duty {pierce, *Contam +Fly MR+ SInv} (Okawaru gifted it to you on level 3 of the Lair of Beasts)
 17803 | Lair:3   | Gained mutation: You tend to lose your temper in combat. [mutagenic glow]
 18032 | Lair:3   | Reached skill level 10 in Unarmed Combat
 18575 | Lair:3   | Noticed a catoblepas
 18575 | Lair:3   | Noticed a dire elephant
 18605 | Lair:3   | Demolished by a catoblepas

Skill      XL: |  1  2  3  4  5  6  7  8  9 10 11 12 |
---------------+-------------------------------------+-----
Spellcasting   | 5 6 7 8 9 |  9.1
Invocations    | 1 2 3 4 5 6 7 8 |  8.3
Short Blades   | 1 2 3 4 5 6 7 |  7.5
Long Blades    | 1 2 3 4 5 6 7 |  7.5
Axes           | 1 2 3 4 5 6 7 |  7.5
Maces & Flails | 1 2 3 4 5 6 7 |  7.5
Polearms       | 1 2 3 4 5 6 7 |  7.5
Staves         | 1 2 3 4 5 6 7 |  7.5
Slings         | 1 2 3 4 5 6 7 |  7.5
Bows           | 1 2 3 4 5 6 7 |  7.5
Crossbows      | 1 2 3 4 5 6 7 |  7.5
Throwing       | 1 2 3 4 5 6 7 |  7.5
Armour         | 1 2 3 4 5 6 7 |  7.5
Stealth        | 1 2 3 4 5 6 7 |  7.5
Shields        | 1 2 3 4 5 6 7 |  7.5
Evocations     | 1 2 3 4 5 6 7 |  7.5
Conjurations   | 1 2 3 4 5 6 |  6.3
Hexes          | 1 2 3 4 5 6 |  6.3
Charms         | 1 2 3 4 5 6 |  6.3
Summonings     | 1 2 3 4 5 6 |  6.3
Necromancy     | 1 2 3 4 5 6 |  6.3
Translocations | 1 2 3 4 5 6 |  6.3
Fire Magic     | 1 2 3 4 5 6 |  6.3
Ice Magic      | 1 2 3 4 5 6 |  6.3
Air Magic      | 1 2 3 4 5 6 |  6.3
Earth Magic    | 1 2 3 4 5 6 |  6.3
Poison Magic   | 1 2 3 4 5 6 |  6.3
Fighting       | 3 4 5 6 7 8 |  8.0
Transmutations | 4 5 6 7 |  7.4
Dodging        | 5 6 7 8 |  8.9
Unarmed Combat | 7 8 9 10 | 10.0

Action                   |  1- 3 |  4- 6 |  7- 9 | 10-12 || total
-------------------------+-------+-------+-------+-------++-------
Melee: Unarmed           |    75 |   170 |   357 |   490 ||  1092
       Punch             |     2 |     3 |     1 |     4 ||    10
       Headbutt          |     5 |     5 |       |       ||    10
       Bite              |     3 |    13 |    32 |    40 ||    88
       Kick              |       |     7 |    19 |     5 ||    31
       Dagger            |       |       |    58 |   189 ||   247
 Cast: Beastly Appendage |    15 |     9 |     6 |     1 ||    31
       Sticks to Snakes  |     2 |     7 |     2 |       ||    11
       Spider Form       |       |     6 |    23 |    39 ||    68
       Ice Form          |       |       |       |     7 ||     7
       Blade Hands       |       |       |       |     6 ||     6
Invok: Heroism           |       |       |       |    14 ||    14
  Use: Scroll            |       |    10 |    10 |     6 ||    26
       Potion            |       |       |     1 |     1 ||     2
 Stab: Sleeping          |     2 |     7 |    14 |     7 ||    30
       Distracted        |       |       |     2 |     1 ||     3
  Eat: Chunk             |     1 |     6 |    15 |    25 ||    47
       Ration            |       |       |     2 |     3 ||     5
Armor: Robe              |    12 |    23 |    30 |    12 ||    77
       Skin              |       |       |     4 |    11 ||    15
Dodge: Dodged            |    40 |   116 |   304 |   587 ||  1047
Block: Shield            |       |       |   129 |    89 ||   218
